 Dungeon Crawl Stone Soup version 0.28.0-53-g5a82cb258f (webtiles) character file.

Game seed: 12537477865672694338

192 fuccboisucc420 the Cudgeller (level 5, 0/53 HPs)
             Began as a Troll Berserker on July 19, 2022.
             Was a Believer of Trog.
             Slain by a yak (1 damage)
             ... on level 4 of the Dungeon.
             The game lasted 00:09:17 (2647 turns).

fuccboisucc420 the Cudgeller (Troll Berserker)      Turns: 2647, Time: 00:09:18

Health: 0/53       AC:  5    Str: 27    XL:     5   Next: 42%
Magic:  4/4        EV:  6    Int:  3    God:    Trog [**....]
Gold:   133        SH:  9    Dex:  9    Spells: 4/4 levels left

rFire   . . .      SeeInvis .   m - +2 hand axe (elec)
rCold   . . .      Faith    .   o - +0 tower shield
rNeg    . . .      Spirit   .   b - +0 animal skin
rPois   .          Reflect  .   (helmet restricted)
rElec   .          Harm     .   e - +0 cloak
rCorr   .          Rampage  .   (gloves unavailable)
Will    .....                   (boots unavailable)
Stlth   +.........              (no amulet)
HPRegen 0.97/turn               (no ring)
MPRegen 0.09/turn               (no ring)

@: no status effects
A: large, unfitting armour, claws 3, regeneration 1, shaggy fur 1, tough skin 1
a: Renounce Religion, Berserk, Trog's Hand


You were on level 4 of the Dungeon.
You worshipped Trog.
Trog was pleased with you.
You visited 1 branch of the dungeon, and saw 4 of its levels.

You collected 133 gold pieces.

Inventory:

Hand Weapons
 a - a +0 mace
 m - a +2 hand axe of electrocution (weapon)
Missiles
 c - 105 stones (quivered)
Armour
 b - a +0 animal skin (worn)
 e - a +0 cloak (worn)
 l - an orb of wrath
 o - a +0 tower shield (worn)
Scrolls
 d - a scroll of enchant armour {unknown}
 f - 3 scrolls of identify {unknown}
 g - a scroll of immolation {unknown}
 i - a scroll of fog {unknown}
Potions
 h - 2 potions of curing {unknown}
 j - a potion of invisibility {unknown}
 k - a potion of flight {unknown}


   Skills:
 + Level 3.1 Fighting
 + Level 0.5(2.3) Axes
 + Level 4.1(4.2) Maces & Flails
 + Level 0.1 Throwing
 + Level 3.3 Dodging
 + Level 0.5 Stealth
 + Level 0.1 Shields


You had 4 spell levels left.
You didn't know any spells.
Your spell library was empty.

Dungeon Overview and Level Annotations

Branches:
Dungeon (4/15)
 Temple: D:4-7

Altars:
Uskayaw


Innate Abilities, Weirdness & Mutations

You are too large for most types of armour.
You have claws for hands.
Your natural rate of healing is unusually fast.
You are covered in fur. (AC +1)
You have tough skin. (AC +1)


Message History

You kill the endoplasm!
Trog accepts your kill.
Found 13 gold pieces.
Found a scroll labelled KYOMUUNGUFUL.
A yak comes into view.
Found a stone staircase leading up.
The yak moves out of view.
You now have 133 gold pieces (gained 13).
The yak bellows!
You hear a bellow!
You see here a scroll labelled KYOMUUNGUFUL.
f - 3 scrolls labelled KYOMUUNGUFUL (gained 1)
A yak comes into view.
A yak comes into view.
The yak moves out of view.
A yak comes into view.
The yak barely misses you.
The yak falls through a shaft!
The shaft crumbles and collapses.
You closely miss the yak.
The yak bellows!
You block the yak's attack.
You closely miss the yak. The yak gores you. The yak closely misses you.
You hit the yak.
The yak is lightly wounded.
You block the yak's attack.
You slash the yak!
The yak is heavily wounded.
The yak gores you. x2
The yak completely misses you. The yak gores you. You block the yak's attack.
The yak gores you but does no damage. The yak gores you! The yak gores you.
You hit the yak. Lightning courses through the yak!
The yak is almost dead.
You hit the yak but do no damage. Lightning courses through the yak!!
You hit the yak but do no damage. Lightning courses through the yak!!
The yak gores you. x2; The yak closely misses you.
You barely miss the yak.
The yak is almost dead.
You hit the yak but do no damage. You hit the yak. You block the yak's attack.
The yak gores you! The yak barely misses you. The yak gores you!
* * * LOW HITPOINT WARNING * * *
The yak gores you.
You die...

.......#........#
................#
................
.............. .
#........... ... ..
##........#.##.... ...
#.........#......#
##..###...#....@Y.......
#...#.....#....YY.<....#
. #...................##
. #...[...............#
#. ##..................#
#..#.....................
...#..........##.........
....#........###....###..
.#....†....### ....


You could see 3 yaks.

Vanquished Creatures
  A scorpion (D:4)
  An orc priest (D:3)
  An iguana (D:3)
  An adder (D:3)
  2 orcs (D:3)
  8 ball pythons
  7 endoplasms
  5 giant cockroaches
  9 goblins
  5 hobgoblins
  3 jackals (D:1)
  8 kobolds
  5 quokkas
  A bat (D:1)
  A frilled lizard (D:2)
  A rat (D:1)
59 creatures vanquished.

Vanquished Creatures (others)
  A fungus (D:1)
1 creature vanquished.

Grand Total: 60 creatures vanquished

Notes
Turn   | Place    | Note
-------+----------+-------------------------------------------
     0 | D:1      | fuccboisucc420 the Troll Berserker began the quest for the
                  | Orb.
     0 | D:1      | Reached XP level 1. HP: 22/22 MP: 0/0
   178 | D:1      | Reached XP level 2. HP: 27/29 MP: 1/1
   181 | D:1      | Reached skill level 3 in Maces & Flails
   452 | D:1      | Found a faded altar of an unknown god.
   499 | D:1      | Reached ** piety under Trog
   711 | D:1      | Reached XP level 3. HP: 36/36 MP: 2/2
  1057 | D:2      | Found a hide-covered altar of Uskayaw.
  1911 | D:3      | Reached XP level 4. HP: 31/44 MP: 3/3
  2612 | D:4      | Noticed a scorpion
  2622 | D:4      | Killed a scorpion
  2623 | D:4      | Reached skill level 4 in Maces & Flails
  2623 | D:4      | Reached XP level 5. HP: 40/53 MP: 4/4
  2633 | D:4      | Noticed a yak
  2637 | D:4      | Noticed a yak
  2638 | D:4      | Noticed a yak
  2639 | D:4      | Noticed a yak
  2647 | D:4      | HP: 1/53 [yak (15)]
  2647 | D:4      | Slain by a yak

Illustrated notes

Levels and vault maps discovered:
D:1:      lightli_iron_boxes, layout_basic, shapermc_ecumenical_altar_ellora
D:2:      layout_loops_cross, basic_altar
D:3:      layout_basic, hangedman_feature_mirror
D:4:      layout_cave_pools, zin_scriptorium, serial_column_ruins,
          column_ruins_open_medium, column_ruins_open_small,
          column_ruins_open_tiny, column_ruins_corridor_straight,
          column_ruins_open_medium, column_ruins_corridor_corner,
          kennysheep_path_1, st_stairs_11, uniq_robin

Skill      XL: |  1  2  3  4 |
---------------+-------------+-----
Maces & Flails | 3 4 |  4.1
Dodging        | 3 |  3.3
Fighting       | 3 |  3.1
Axes           | |  0.5
Throwing       | |  0.1
Stealth        | |  0.5
Shields        | |  0.1

Action                   |  1- 3 |  4- 6 || total
-------------------------+-------+-------++-------
Melee: Mace              |   110 |       ||   110
       Hand axe          |     6 |    41 ||    47
Throw: Stone             |    11 |       ||    11
Armor: Animal skin       |    59 |    10 ||    69
Dodge: Dodged            |    85 |     9 ||    94
Block: Tower shield      |       |    12 ||    12
